 Dungeon Crawl Stone Soup version 0.24.0-123-gd5b16e6ec5 (webtiles) character file.

Game seed: 6369892828908577571, levelgen mode: deterministic

1627 Curus the Carver (level 8, -2/62 HPs)
             Began as a Minotaur Gladiator on Jan 20, 2020.
             Slain by a gnoll sergeant
             ... wielding a +0 trident
              (7 damage)
             ... on level 6 of the Dungeon.
             The game lasted 00:13:25 (4611 turns).

Curus the Carver (Minotaur Gladiator)               Turns: 4611, Time: 00:13:25

Health: -2/62      AC:  3    Str: 19    XL:     8   Next: 65%
Magic:  0/7        EV: 13    Int:  7    God:
Gold:   239        SH:  0    Dex: 12    Spells: 7/7 levels left

rFire    . . .     SeeInvis .   k - +1 scimitar
rCold    . . .     Gourm    .   (no shield)
rNeg     . . .     Faith    .   b - +0 leather armour
rPois    .         Spirit   +   c - +0 hat
rElec    .         Reflect  .   (no cloak)
rCorr    .         Harm     .   (no gloves)
MR       .....                  (no boots)
Stlth    +.........             g - amulet of guardian spirit
HPRegen  0.20/turn              i - ring of wizardry
MPRegen  0.10/turn              (no ring)

@: no status effects
A: retaliatory headbutt, horns 2
a: no special abilities


You were on level 6 of the Dungeon.
You were not hungry.

You visited 1 branch of the dungeon, and saw 6 of its levels.

You collected 239 gold pieces.

Inventory:

Hand Weapons
 a - a +1 long sword
 k - a +1 scimitar (weapon)
Missiles
 d - 5 throwing nets (quivered)
Armour
 b - a +0 leather armour (worn)
 c - a +0 hat (worn)
Jewellery
 g - an amulet of guardian spirit (around neck)
 i - a ring of wizardry (left hand)
Scrolls
 j - 4 scrolls of identify
Potions
 e - 2 potions of brilliance
 h - 2 potions of curing
 l - a potion of agility
 n - a potion of haste
Comestibles
 f - 7 rations
 m - a chunk of flesh


   Skills:
 - Level 2.4 Fighting
 + Level 13.1 Long Blades
 - Level 2.0 Throwing
 - Level 3.2 Dodging


You had 7 spell levels left.
You didn't know any spells.
Your spell library was empty.

Dungeon Overview and Level Annotations

Branches:
Dungeon (6/15)
 Temple: D:4-7

Altars:
Elyvilon
The Shining One

Portals:
Ossuary: D:6

Annotations:
D:3 1 runed translucent door


Innate Abilities, Weirdness & Mutations

You reflexively headbutt those who attack you in melee.
You have a pair of horns on your head.


Message History

You feel sick.
A gnoll comes into view. It is wielding a +0 spear.
The gnoll sergeant hits you with a +0 trident.
Found a stone staircase leading down.
You see here a +0 spear of venom.
You closely miss the gnoll sergeant.
You headbutt the gnoll sergeant, but do no damage.
You feel sick. The gnoll sergeant barely misses you.
You barely miss the gnoll sergeant. You headbutt the gnoll sergeant!
The gnoll sergeant is moderately wounded.
You feel sick.
The gnoll hits you from afar with a +0 spear!
* * * LOW HITPOINT WARNING * * *
You feel better.
The gnoll hits you from afar with a +0 spear!
* * * LOW HITPOINT WARNING * * *
The gnoll sergeant hits you with a +0 trident!
* * * LOW HITPOINT WARNING * * *
The gnoll sergeant hits you from afar with a +0 trident!
You die...

+..>. ..#
#.... #.#
#.....#.#
......#.#
....#.#
....# #gg#
##)##
##..@######
#...†.#...#
#.........#
#####.#...#
#.∩..#...#
#####8...+
#........#
#........+
#........#


You could see a gnoll sergeant and a gnoll.

Vanquished Creatures
  Prince Ribbit (D:5)
  5 ice beasts
  2 ogres (D:5)
  Blork the orc (D:4)
  3 scorpions
  A crimson imp (D:6)
  A centaur zombie (D:5)
  3 orc wizards
  An orc priest (D:3)
  A bullfrog skeleton (D:5)
  A centaur skeleton (D:3)
  A worker ant (D:5)
  Natasha (thrice) (D:4)
  A hound zombie (D:3)
  6 gnolls (D:6)
  6 adders
  A shadow imp (D:2)
  4 oozes
  5 leopard geckos
  13 orcs
  3 giant cockroaches
  12 goblins
  3 hobgoblins
  17 jackals
  5 quokkas
  A ball python (D:3)
  A ball python skeleton (D:4)
  8 bats
  12 frilled lizards
  9 kobolds
  6 rats
137 creatures vanquished.

Notes
Turn   | Place    | Note
-------+----------+-------------------------------------------
     0 | D:1      | Curus the Minotaur Gladiator began the quest for the Orb.
     0 | D:1      | Reached XP level 1. HP: 18/18 MP: 0/0
    50 | D:1      | Reached skill level 4 in Long Blades
    59 | D:1      | Reached XP level 2. HP: 5/25 MP: 1/1
   741 | D:1      | Reached skill level 5 in Long Blades
   774 | D:1      | Reached XP level 3. HP: 23/30 MP: 2/2
  1659 | D:2      | Found a faded altar of an unknown god.
  1771 | D:2      | Reached skill level 6 in Long Blades
  1771 | D:2      | Reached XP level 4. HP: 35/37 MP: 3/3
  1965 | D:3      | Reached XP level 5. HP: 16/42 MP: 1/4
  2087 | D:3      | Reached skill level 7 in Long Blades
  2496 | D:3      | Reached skill level 8 in Long Blades
  2530 | D:3      | Found a glowing golden altar of the Shining One.
  2530 | D:3      | Found a runed translucent door.
  2530 | D:3      | Noticed an angel
  2598 | D:4      | Noticed Blork the orc
  2604 | D:4      | Reached XP level 6. HP: 43/50 MP: 3/5
  2608 | D:4      | Killed Blork the orc
  2658 | D:4      | Noticed Natasha
  2673 | D:4      | Killed Natasha
  2673 | D:4      | Reached skill level 9 in Long Blades
  2725 | D:4      | Noticed Natasha
  2730 | D:4      | Killed Natasha
  3010 | D:4      | Noticed an ice beast
  3013 | D:4      | Killed an ice beast
  3013 | D:4      | Reached XP level 7. HP: 42/56 MP: 4/6
  3247 | D:4      | Noticed Natasha
  3256 | D:4      | Killed Natasha
  3298 | D:5      | Entered Level 5 of the Dungeon
  3328 | D:5      | Noticed Prince Ribbit
  3447 | D:5      | Reached skill level 10 in Long Blades
  3490 | D:5      | Found a white marble altar of Elyvilon.
  3500 | D:5      | Killed Prince Ribbit
  3608 | D:5      | Reached skill level 11 in Long Blades
  3934 | D:5      | Reached XP level 8. HP: 60/62 MP: 7/7
  4017 | D:5      | Reached skill level 12 in Long Blades
  4555 | D:6      | Reached skill level 13 in Long Blades
  4597 | D:6      | Found a sand-covered staircase.
  4611 | D:6      | Slain by a gnoll sergeant

Levels and vault maps discovered:
D:1:      dpeg_arrival_central, layout_basic
D:2:      layout_basic, chequers_ecumenical_altar_simple, minmay_lizard_king
D:3:      layout_basic, lemuel_angel_altar
D:4:      minmay_door_path, layout_rooms, first_ration, uniq_natasha,
          uniq_blork_the_orc
D:5:      layout_gridville, basic_altar, uniq_prince_ribbit1
D:6:      layout_basic, gammafunk_temple_overflow_claw,
          minmay_temple_entry_wispy, lightli_ossuary_entry_decrepit_ruins,
          uniq_crazy_yiuf_cottage

Skill      XL: |  1  2  3  4  5  6  7  8 |
---------------+-------------------------+-----
Long Blades    | 4 5 6 8 9 11 13 | 13.1
Fighting       | |  2.4
Throwing       | |  2.0
Dodging        | |  3.2

Action                   |  1- 3 |  4- 6 |  7- 9 || total
-------------------------+-------+-------+-------++-------
Melee: Long sword        |   110 |    83 |       ||   193
       Headbutt          |    11 |    22 |    24 ||    57
       Scimitar          |       |    29 |   120 ||   149
Throw: Throwing net      |       |       |     1 ||     1
  Use: Potion            |     4 |       |     3 ||     7
       Scroll            |     4 |     6 |       ||    10
 Stab: Held in net/web   |       |       |     1 ||     1
  Eat: Chunk             |     3 |     4 |     2 ||     9
       Ration            |       |       |     1 ||     1
Armor: Leather armour    |    24 |    22 |     9 ||    55
Dodge: Dodged            |    74 |    77 |    50 ||   201
       Rpst.: Long sword |    19 |    16 |       ||    35
       Scimitar          |       |     8 |    11 ||    19
